 Dungeon Crawl Stone Soup version 0.30-b1-2-g02819fbbbe (webtiles) character file.

Game seed: 9083282388408593090

97 Metae the Shield-Bearer (level 4, -2/41 HPs)
             Began as a Minotaur Fighter on July 2, 2023.
             Slain by Crazy Yiuf
             ... wielding a +2 quarterstaff of chaos
              (8 damage)
             ... on level 3 of the Dungeon.
             The game lasted 00:05:00 (2151 turns).

Metae the Shield-Bearer (Minotaur Fighter)          Turns: 2151, Time: 00:05:00

Health: -2/41      AC:  7    Str: 28    XL:     4   Next: 42%
Magic:  2/3        EV:  9    Int:  5    God:
Gold:   151        SH:  4    Dex: 10    Spells: 3/3 levels left

rFire   . . .        t - +2 dagger (speed)
rCold   . . .        c - +0 buckler
rNeg    . . .        b - +0 scale mail
rPois   .            (helmet restricted)
rElec   .            (no cloak)
rCorr   .            (no gloves)
SInv    .            (no boots)
Will    .....        (no amulet) Stlth
                     j - +6 ring of strength
HPRegen 0.26/turn    (no ring)
MPRegen 0.08/turn

%: no passive effects
@: mighty, lethally poisoned (-2 -> -12)
A: horns 2, retaliatory headbutt
a: no special abilities


You were on level 3 of the Dungeon.
You visited 1 branch of the dungeon, and saw 3 of its levels.

You collected 151 gold pieces.

Inventory:

Hand Weapons
 a - a +0 rapier
 e - a +2 sling of freezing
 t - a +2 dagger of speed (weapon)
Missiles
 i - 40 stones (quivered)
 m - 6 silver boomerangs
Armour
 b - a +0 scale mail (worn)
 c - a +0 buckler (worn)
Jewellery
 j - a +6 ring of strength (left hand)
Scrolls
 g - 6 scrolls of identify {unknown}
 k - a scroll of amnesia {unknown}
 p - a scroll of blinking {unknown}
 q - a scroll of fear {unknown}
 r - a scroll of acquirement {unknown}
 u - a scroll of noise {unknown}
Potions
 f - 2 potions of heal wounds {unknown}
 h - a potion of magic {unknown}
 l - a potion of resistance {unknown}
 n - 2 potions of curing {unknown}
 o - a potion of attraction {unknown}
 s - a potion of ambrosia {unknown}


   Skills:
 + Level 4.4 Fighting
 + Level 3.2 Short Blades
 + Level 4.4 Armour
 + Level 0.0 Dodging
 + Level 4.4 Shields


You had 3 spell levels left.
You didn't know any spells.
Your spell library contained the following spells:

 Spells                   Type           Power      Damage    Failure   Level
 Volatile Blastmotes      Fire/Tloc      0%         2d10      98%         3
 Fulminant Prism          Conj/Hex       0%         3d5       100%        4
 Iskenderun's Mystic Bla  Conj/Tloc      0%         2d3       100%        4
 Lee's Rapid Deconstruct  Erth           0%         3d4*      100%        5


Dungeon Overview and Level Annotations

Branches:
Dungeon (3/15)

Altars:
Ashenzari
Gozag
Makhleb

Annotations:
D:3 Crazy Yiuf


Innate Abilities, Weirdness & Mutations

You have a pair of horns on your head.
You reflexively headbutt those who attack you in melee.


Message History

Crazy Yiuf yells, "Blight!
Papa childish Xom."
You see here a +0 hammer.
Found a hammer.
Crazy Yiuf yells, "Rifle!
Cholesterol testudinal tortoise."
You open the door. You hit Crazy Yiuf.
Crazy Yiuf is lightly wounded.
Crazy Yiuf misses you.
You closely miss Crazy Yiuf.
Crazy Yiuf is lightly wounded.
You closely miss Crazy Yiuf.
Crazy Yiuf is lightly wounded.
Crazy Yiuf barely misses you.
You hit Crazy Yiuf but do no damage.
Crazy Yiuf is lightly wounded.
You hit Crazy Yiuf.
Crazy Yiuf is lightly wounded.
Crazy Yiuf hits you with a +2 quarterstaff of chaos!
You suddenly lose the ability to move!
Crazy Yiuf hits you with a +2 quarterstaff of chaos!
Crazy Yiuf says, "Liver!
Candle noodlescoop koolooloo."
Crazy Yiuf barely misses you.
Crazy Yiuf hits you with a +2 quarterstaff of chaos.
You feel your power leaking away.
You can move again.
Unknown command.
You hit Crazy Yiuf. You headbutt Crazy Yiuf.
Crazy Yiuf is heavily wounded.
Crazy Yiuf hits you with a +2 quarterstaff of chaos!
* * * LOW HITPOINT WARNING * * *
You are lethally poisoned!
You closely miss Crazy Yiuf.
Crazy Yiuf is heavily wounded.
* * * LOW HITPOINT WARNING * * *
You feel sick.
You feel very mighty all of a sudden.
* * * LOW HITPOINT WARNING * * *
You feel very sick.
Crazy Yiuf hits you with a +2 quarterstaff of chaos!
You die...

#.>#.............#.#
#..####..#####.#.#.# ####
#..............#...# ..>#
#################### .#.#
.#.# ...# ####♣♣ ### .###
##...P♣♣ ♣♣#..)#
.#####....PP♣♣♣♣@g...#
.............♣.)♣#..)#
######.#..♣)♣.♣♣♣ ###
##...#.###♣♣♣♣♣ ###
.....#.# #.# ##.#.#.###
###########.#
...###.#.#####...........#
#.....................####
#.###.........##..###.#


You could see Crazy Yiuf.

Vanquished Creatures
  2 adders
  A worm (D:2)
  2 dart slugs
  An orc (D:2)
  5 ball pythons
  10 bats
  4 endoplasms
  4 giant cockroaches
  6 goblins
  8 hobgoblins
  6 jackals
  2 quokkas (D:1)
  2 frilled lizards
  3 kobolds
  9 rats
65 creatures vanquished.

Vanquished Creatures (others)
  2 fungi (D:3)
2 creatures vanquished.

Grand Total: 67 creatures vanquished

Notes
Turn   | Place    | Note
-------+----------+-------------------------------------------
     0 | D:1      | Metae the Minotaur Fighter began the quest for the Orb.
     0 | D:1      | Reached XP level 1. HP: 19/19 MP: 0/0
   187 | D:1      | Reached XP level 2. HP: 27/27 MP: 1/1
   508 | D:1      | Reached XP level 3. HP: 33/33 MP: 2/2
  1166 | D:2      | Reached XP level 4. HP: 40/40 MP: 3/3
  1832 | D:3      | Found an opulent altar of Gozag.
  1872 | D:3      | Found a broken altar of Ashenzari.
  1891 | D:3      | Found a burning altar of Makhleb.
  2136 | D:3      | Found a runed translucent door.
  2137 | D:3      | Noticed Crazy Yiuf
  2145 | D:3      | Paralysed by Crazy Yiuf for 3 turns
  2151 | D:3      | Slain by Crazy Yiuf

Illustrated notes

Levels and vault maps discovered:
D:1:      lemuel_arrival_rhombus, layout_loops_ring,
          minmay_misc_feat_four_crosses
D:2:      layout_loops_ring
D:3:      layout_basic, grunt_temple_overflow_open,
          shapermc_ecumenical_altar_petra, serial_curves, eino_curves_02,
          eino_curves_01, eino_curves_02, eino_curves_02,
          uniq_crazy_yiuf_cottage

Skill      XL: |  1  2  3 |
---------------+----------+-----
Fighting       | 4 |  4.4
Shields        | 4 |  4.4
Armour         | 4 |  4.4
Short Blades   | 3 |  3.2

Action                     |  1- 3 |  4- 6 || total
---------------------------+-------+-------++-------
  Melee: Rapier            |   113 |     8 ||   121
         Headbutt          |    17 |    12 ||    29
         Dagger            |       |    56 ||    56
    Use: Potion            |       |     1 ||     1
 Armour: Scale mail        |    49 |    17 ||    66
  Dodge: Dodged            |    52 |    15 ||    67
  Block: Buckler           |    28 |     8 ||    36
